 Dungeon Crawl Stone Soup version 0.29-a0-352-g0917bc69df (webtiles) character file.

Game seed: 17807193070896284539

65 Murumi the Skirmisher (level 3, -4/31 HPs)
             Began as a Demigod Fighter on Apr 23, 2022.
             Killed from afar by Sigmund (8 damage)
             ... with a magic dart
             ... on level 2 of the Dungeon.
             The game lasted 00:04:06 (1888 turns).

Murumi the Skirmisher (Demigod Fighter)             Turns: 1888, Time: 00:04:06

Health: -4/31      AC:  6    Str: 17    XL:     3   Next: 66%
Magic:  5/5        EV: 10    Int: 10    God:
Gold:   82         SH:  5    Dex: 17    Spells: 2/2 levels left

rFire   . . .      SeeInvis .   a - +0 long sword
rCold   . . .      Faith    .   c - +0 buckler
rNeg    . . .      Spirit   .   b - +0 scale mail
rPois   .          Reflect  .   (no helmet)
rElec   .          Harm     .   (no cloak)
rCorr   .          Rampage  .   (no gloves)
Will    .....                   (no boots)
Stlth   ..........              (no amulet)
HPRegen 0.10/turn               (no ring)
MPRegen 0.09/turn               (no ring)

@: mighty
A: high MP 1, forlorn, divine attributes
a: no special abilities


You were on level 2 of the Dungeon.
You visited 1 branch of the dungeon, and saw 2 of its levels.

You collected 82 gold pieces.

Inventory:

Hand Weapons
 a - a +0 long sword (weapon)
Armour
 b - a +0 scale mail (worn)
 c - a +0 buckler (worn)
 f - a +0 ring mail
Scrolls
 g - 3 scrolls of identify
Potions
 e - a potion of haste
 h - 2 potions of heal wounds


   Skills:
 - Level 3.0 Fighting
 + Level 2.0 Long Blades
 - Level 3.0 Armour
 - Level 2.0 Dodging
 - Level 1.0 Stealth
 - Level 3.0 Shields


You had 2 spell levels left.
You didn't know any spells.
Your spell library contained the following spells:

 Spells                   Type           Power      Damage    Failure   Level
 Sting                    Tmut/Pois      0%         1d3       86%         1
 Poisonous Vapours        Pois/Air       0%         N/A       94%         2
 Gell's Gravitas          Tloc           0%         N/A       99%         3
 Lesser Beckoning         Tloc           0%         N/A       99%         3
 Teleport Other           Tloc           0%         N/A       99%         3
 Olgreb's Toxic Radiance  Pois           0%         N/A       100%        4


Dungeon Overview and Level Annotations

Branches:
Dungeon (2/15)

Annotations:
D:2 Sigmund


Innate Abilities, Weirdness & Mutations

You have an increased reservoir of magic. (+10% MP)
You shall have no god before yourself.
Your divine heritage dramatically boosts your attributes as you level up.


Message History

You feel your willpower return. The goblin closely misses you.
You slash the goblin!
You kill the goblin!
You see here a +0 club.
Found a stone staircase leading down.
Found a stone staircase leading down.
Sigmund the Dreaded comes into view.
He is wielding a +0 scythe.
Sigmund shouts!
Sigmund points at you and mumbles some strange words.
You resist with some effort. Sigmund completely misses you.
You block Sigmund's attack.
You barely miss Sigmund.
Sigmund points at you and mumbles some strange words.
The magic dart hits you.
You closely miss Sigmund. You block Sigmund's attack.
You closely miss Sigmund.
Sigmund gestures wildly while chanting.
Sigmund flickers and vanishes!
Deactivating autopickup; reactivate with Ctrl-A.
No target in view!
You closely miss something.
You hear some strange, mumbled words.
A puff of flame appears from out of thin air!
The puff of flame hits you!
You hit something.
You hear some strange, mumbled words.
A puff of flame appears from out of thin air!
The puff of flame hits you. Something hits you but does no damage.
You feel very mighty all of a sudden.
You slash something! Something hits you but does no damage.
You hit something. Something hits you.
You miss something. Something hits you!
* * * LOW HITPOINT WARNING * * *
You barely miss something.
You hear some strange, mumbled words.
A magic dart appears from out of thin air!
The magic dart hits you!
You die...

#...####### #...# ##
###...# #. ......#.##
# .. # #####.#.# #.#.
.#. ####.#.# #>#.##
.... . #......# #
....##.#># .##.##.###
#. #..{....#
.........###..##@##.#
.....†.#............#
#...#.##.#######.####
#..[.†...# #.#
#...#†##.#### ##.##
##.##.......# #...#
............# #..##
#.###.......# #.##
...##.......# #.#


There were no monsters in sight!

Vanquished Creatures
  2 adders (D:2)
  An orc (D:2)
  3 ball pythons
  5 endoplasms
  A giant cockroach (D:2)
  3 goblins
  5 hobgoblins
  4 quokkas
  5 bats
  3 frilled lizards (D:1)
  7 kobolds
  3 rats (D:2)
42 creatures vanquished.

Notes
Turn   | Place    | Note
-------+----------+-------------------------------------------
     0 | D:1      | Murumi the Demigod Fighter began the quest for the Orb.
     0 | D:1      | Reached XP level 1. HP: 18/18 MP: 3/3
   416 | D:1      | Reached XP level 2. HP: 26/26 MP: 4/4
  1051 | D:1      | Reached skill level 1 in Dodging
  1324 | D:2      | Reached XP level 3. HP: 31/31 MP: 5/5
  1351 | D:2      | Reached skill level 1 in Stealth
  1872 | D:2      | Noticed Sigmund
  1888 | D:2      | Killed from afar by Sigmund

Illustrated notes

Levels and vault maps discovered:
D:1:      nicolae_arrival_somewhat_less_tricky_arrival, layout_loops_corners,
          ebering_ecumenical_altar_box
D:2:      layout_loops_cross, basic_altar, minmay_tromino_v4_c, uniq_sigmund

Skill      XL: |  1  2  3 |
---------------+----------+-----
Long Blades    | 2 |  2.0
Fighting       | 3 |  3.0
Armour         | 3 |  3.0
Shields        | 3 |  3.0
Dodging        | 1 2 |  2.0
Stealth        | 1 |  1.0

Action                   || total
-------------------------++-------
Melee: Long sword        ||   140
  Use: Scroll            ||     7
       Potion            ||     1
Armor: Scale mail        ||    74
Dodge: Dodged            ||    52
Block: Buckler           ||    25

Table legend: (Time is in decaauts)
 A = Elapsed time spent in this place.
 B = Non-inter-level travel time spent in this place.
 C = Inter-level travel time spent in this place.
 D = Time resting spent in this place.
 E = Time spent auto-exploring this place.
 F = Levels seen in this place.
 G = Mean time per level.
                   A        B        C        D        E       F      G
               +--------+--------+--------+--------+--------+-----+--------+
         Total |   1936 |   1842 |     94 |      0 |   1449 |   2 |  968.0 |
       Dungeon |   1936 |   1842 |     94 |      0 |   1449 |   2 |  968.0 |
               +--------+--------+--------+--------+--------+-----+--------+

Top non-repeatable levels by time:
     D:1: 1337 daAuts
     D:2: 599 daAuts
